 Dungeon Crawl Stone Soup version 0.19.0-23-gf02e663 (webtiles) character file.

38341 RKaid the Executioner (level 13, -5/117 HPs)
             Began as a Minotaur Berserker on Nov 19, 2016.
             Was a High Priest of Trog.
             Slain by a black mamba (10 damage)
             ... on level 6 of the Lair of Beasts.
             The game lasted 00:30:41 (17128 turns).

RKaid the Executioner (Minotaur Berserker)         Turns: 17128, Time: 00:30:42

Health: -5/117     AC: 19    Str: 26    XL:     13   Next: 63%
Magic:  12/12      EV: 12    Int:  1    God:    Trog [*****.]
Gold:   1061       SH:  0    Dex: 18    Spells: 0 memorised, 12 levels left

rFire  + + +     SeeInvis .     u - +4 flail of Sipp {flame, rF+++ Int-5 Dex+7}
rCold  . . .     Gourm    +     d - +2 ring mail {rN+}
rNeg   + . .     Faith    .     (no shield)
rPois  .         Spirit   .     N - +2 hat
rElec  .         Reflect  .     Q - +0 cloak
rCorr  .         Harm     .     o - +0 pair of gloves
MR     .....     Rnd*Rage +     (no boots)
Stlth  +.........               r - amulet of the gourmand {Gourm, !d}
                                D - +4 ring of strength
                                l - +4 ring of protection

@: exhausted, slowed, very slow
A: retaliatory headbutt, horns 2, berserk 1, mutation resistance 1, shaggy fur
1, weak 1
a: Berserk, Trog's Hand, Brothers in Arms, Burn Spellbooks, Renounce Religion


You were on level 6 of the Lair of Beasts.
You worshipped Trog.
Trog was extremely pleased with you.
You were very full.

You visited 2 branches of the dungeon, and saw 15 of its levels.
You also visited: Ice Cave.

You collected 1061 gold pieces.

Inventory:

Hand Weapons
 a - the +6 hand axe of the Ship {chop, rC+}
   (You found it on level 4 of the Dungeon)

   It inflicts extra damage upon your enemies.
   It protects you from cold.
 u - the +4 flail of Sipp (weapon) {flame, rF+++ Int-5 Dex+7}
   (You found it on level 4 of the Dungeon)

   It has been specially enchanted to burn those struck by it, causing extra
   injury to most foes and up to half again as much damage against particularly
   susceptible opponents.
   It affects your intelligence (-5).
   It affects your dexterity (+7).
   It renders you almost immune to fire.
 v - the +7 Singing Sword
   (You found it on level 4 of the Dungeon)
 z - a +4 war axe of freezing
   (You found it on level 5 of the Dungeon)
Missiles
 P - 3 steel javelins
 S - 3 poisoned javelins (quivered)
Armour
 d - a +2 ring mail of positive energy (worn)
   (You found it on level 1 of the Dungeon)
 o - a +0 pair of gloves (worn)
   (You found it on level 2 of the Dungeon)
 M - the +0 robe of the Game of Kings {rF+}
   (You found it on level 7 of the Dungeon)

   It protects you from fire.
 N - a +2 hat (worn)
   (You took it off Gastronok on level 1 of the Lair of Beasts)
 Q - a +0 cloak (worn)
   (You found it on level 1 of the Lair of Beasts)
Jewellery
 b - an uncursed ring of protection from magic {MR+, !d}
   (You found it on level 9 of the Dungeon)
 f - an uncursed ring of ice {rC+, rF-}
   (You found it on level 9 of the Dungeon)
 l - a +4 ring of protection (left hand)
   (You found it on level 3 of the Dungeon)
 r - an amulet of the gourmand (around neck) {Gourm, !d}
   (You found it on level 4 of the Dungeon)
 D - a +4 ring of strength (right hand)
   (You found it on level 1 of the Lair of Beasts)
 F - an uncursed ring of magical power {MP+9}
   (You found it on level 6 of the Dungeon)
 W - an uncursed ring of flight {+Fly, !d}
   (You found it on level 5 of the Lair of Beasts)
 Z - an uncursed ring of resist corrosion
   (You found it on level 6 of the Lair of Beasts)
Wands
 j - a wand of polymorph (24/24)
   (You found it on level 3 of the Dungeon)
 q - a wand of slowing (24/48)
   (You found it on level 6 of the Lair of Beasts)
 Y - a wand of lightning (6/15)
   (You found it on level 6 of the Lair of Beasts)
Scrolls
 e - 6 scrolls of magic mapping {!r}
 m - 5 scrolls of remove curse
 n - 4 scrolls of teleportation
 t - 2 scrolls of recharging
 x - 2 scrolls of enchant weapon
 G - a scroll of brand weapon
 R - a scroll of enchant armour
Potions
 g - 3 potions of brilliance
 i - 2 potions of agility
 k - a potion of curing
 p - 2 potions of heal wounds
 s - 4 potions of haste
 A - 3 potions of might
 H - a potion of cure mutation {!q}
 I - a potion of lignification {!q}
 L - 2 potions of invisibility
 U - a potion of ambrosia
 V - a potion of flight
Comestibles
 c - 13 bread rations
 h - 10 meat rations
 w - 5 beef jerkies
 J - 40 fruits
 K - 3 royal jellies
 O - 8 slices of pizza


   Skills:
 + Level 11.9 Fighting
 - Level 21.1 Axes
 + Level 11.7 Armour
 - Level 2.1 Dodging


You had 12 spell levels left.
You didn't know any spells.

Dungeon Overview and Level Annotations

Branches:
Dungeon (9/15)             Temple (0/1) D:5            Lair (6/6) D:9
 Shoals (0/4) Lair:2        Snake (0/4) Lair:4        Slime (0/5) Lair:5
    Orc (0/2) D:9

Altars:
Dithmenos
Fedhas
Okawaru
Qazlal
Ru
Uskayaw
Zin
Jiyva

Annotations:
Lair:6 2 runed doors


Innate Abilities, Weirdness & Mutations

You reflexively headbutt those who attack you in melee.
You have a pair of horns on your head.
You tend to lose your temper in combat.
You are somewhat resistant to further mutation.
You are covered in fur. (AC +1)
You are weak. (Str -2)


Message History

You hit the lava snake. You headbutt the lava snake!
The lava snake spits lava at you. The glob of lava misses you.
You closely miss the lava snake.
The lava snake bites you but does no damage.
You miss the lava snake. You headbutt the lava snake.
You kill the lava snake!
Trog accepts your kill. Why would you want to do that?
S - 3 poisoned javelins (gained 1)
A fire crab comes into view.
A komodo dragon comes into view.
The komodo dragon hisses angrily.
You see here a poisoned javelin.
A mottled dragon comes into view.
The mottled dragon roars!
A black mamba comes into view.
The black mamba hisses angrily.
The fire crab breathes flames at you. The blast of flame engulfs you!
You resist.
A black mamba comes into view.
You see here a poisoned javelin.
You barely miss the fire crab.
The black mamba hisses angrily.
You headbutt the fire crab.
You are engulfed in roaring flames.
You resist. The fire crab breathes flames at you.
The blast of flame engulfs you!
You sock the fire crab!
You are engulfed in roaring flames.
You resist. The fire crab bites you.
You are engulfed in flames.
You resist.
The fire crab claws you but does no damage.
The mottled dragon is engulfed in roaring flames.
A komodo dragon comes into view.
You barely miss the fire crab.
The komodo dragon hisses angrily.
You headbutt the fire crab, but do no damage.
The komodo dragon barely misses you.
The komodo dragon hisses menacingly.
The fire crab bites you.
You are engulfed in flames.
You resist. The fire crab claws you.
You are engulfed in flames.
You resist.
A red film seems to cover your vision as you go berserk!
You feel yourself moving faster!
You feel mighty! The komodo dragon bites you.
The fire crab bites you but does no damage.
The fire crab claws you but does no damage.
A black mamba comes into view.
You thump the fire crab! You headbutt the fire crab!
The black mamba moves out of view.
You thump the komodo dragon! You burn the komodo dragon.
You headbutt the komodo dragon!
The komodo dragon bites you but does no damage.
The fire crab bites you!
You are engulfed in flames.
You resist. The fire crab completely misses you.
You barely miss the fire crab.
The mottled dragon breathes sticky fire at you.
The sticky flame hits you! You resist.
You are covered in liquid flames!
You bludgeon the mottled dragon!! You burn the mottled dragon.
You kill the mottled dragon!
Trog accepts your kill.
You are covered in liquid flames!
The komodo dragon closely misses you. The fire crab bites you!
* * * LOW HITPOINT WARNING * * *
You are engulfed in flames.
You resist.
* * * LOW HITPOINT WARNING * * *
The fire crab claws you!
* * * LOW HITPOINT WARNING * * *
You are engulfed in flames.
You resist.
* * * LOW HITPOINT WARNING * * *
You bludgeon the fire crab!!
You kill the fire crab!
Trog accepts your kill.
You are covered in liquid flames!
You barely miss the komodo dragon. You headbutt the komodo dragon!
You are covered in liquid flames!
The black mamba bites you.
* * * LOW HITPOINT WARNING * * *
You are poisoned.
The black mamba poisons you! The komodo dragon bites you!
* * * LOW HITPOINT WARNING * * *
You are covered in liquid flames!
You feel sick.
You feel a strong urge to attack something.
You are covered in liquid flames!
You feel sick. The black mamba bites you.
* * * LOW HITPOINT WARNING * * *
You are covered in liquid flames!
You feel sick.
You feel your anger subside.
You are covered in liquid flames!
You are no longer berserk.
You are exhausted.
You feel yourself slow down.
* * * LOW HITPOINT WARNING * * *
You feel sick.
You feel better. The black mamba bites you!
* * * LOW HITPOINT WARNING * * *
The black mamba barely misses you. You furiously retaliate!
You headbutt the black mamba, but do no damage.
The black mamba bites you but does no damage.
The black mamba bites you!
You die...

# ###≈≈#§ ###### ###≈§≈≈≈ .P..P#
##≈≈≈≈.### .....# #≈≈§#...8#####
≈# §# ....## #.....#8#8# ≈#≈≈≈
....# #........## §#§# ....##
##........8##≈≈§# .....##
##.........##≈≈§# .....##≈
#...S@.....##≈≈#
.....##§§###...SS......§≈#
.....#≈≈§≈≈##(.......#..§####
...=##≈≈≈≈≈≈.l#..≈≈≈##≈§.#..##
..P##≈§##≈≈.l≈##§≈§§≈≈≈≈.....###
.P.# ##≈.†§≈≈≈§≈≈≈≈≈≈#......##
..## #..≈§§≈######≈≈§§.......
..# #..##§§## ##§≈§#...... .###
.... ≈§# #§≈≈≈##....


You could see 2 komodo dragons and 3 black mambas.

Vanquished Creatures
  Rupert (Lair:6)
  Gastronok (Lair:1)
  9 hydras
  The ghost of Leibowitz the Covert, a journeyman DgEn (Lair:1)
  A fire crab (Lair:6)
  3 sirens (Lair:2)
  An elephant (Lair:4)
  5 black mambas
  3 molten gargoyles (Lair:6)
  5 spiny frogs
  A torpor snail (Lair:5)
  4 rime drakes
  2 ice devils (Lair:6)
  8 komodo dragons
  2 trolls (D:9)
  4 polar bears
  A two-headed ogre (D:9)
  A merfolk (Lair:2)
  Prince Ribbit (Lair:2)
  15 blink frogs
  5 dream sheep
  9 hippogriffs
  14 yaks
  3 wyverns
  Eustachio (D:5)
  2 basilisks
  A naga (Lair:4)
  2 mottled dragons (Lair:6)
  12 water moccasins
  5 hell hounds (Lair:6)
  10 porcupines
  2 orc warriors (D:9)
  A black bear (D:9)
  An ice beast (D:9)
  A necrophage (D:5)
  4 ogres
  2 phantoms
  5 wolves
  6 centaurs
  3 big kobolds (D:8)
  15 crocodiles
  6 bullfrogs
  8 scorpions
  5 wights (D:8)
  5 howler monkeys
  A crimson imp (D:9)
  A bullfrog zombie (D:5)
  4 lava snakes (Lair:6)
  The ghost of sheala the Vexing, a weakling DEEn (D:4)
  5 orc priests
  3 hounds
  3 jellies
  A bullfrog skeleton (D:3)
  2 centaur skeletons (D:5)
  2 iguanas
  Ijyb (D:3)
  9 worker ants
  Natasha (D:3)
  5 orc wizards
  A killer bee zombie (D:6)
  A howler monkey zombie (D:7)
  7 gnolls
  11 adders
  2 shadow imps
  2 oozes
  An adder skeleton (D:8)
  A worm (D:2)
  5 leopard geckos
  32 orcs
  17 bats
  8 giant cockroaches
  13 hobgoblins
  5 jackals
  3 quokkas
  6 frilled lizards
  16 goblins
  7 kobolds
  5 rats
  3 fungi
382 creatures vanquished.

Vanquished Creatures (others)
  A yak (IceCv)
  3 wolves (IceCv)
  An orc wizard (D:9)
  13 fungi
  4 plants
  9 toadstools (Lair:4)
31 creatures vanquished.

Grand Total: 413 creatures vanquished

Notes
Turn   | Place    | Note
-------+----------+-------------------------------------------
     0 | D:1      | RKaid the Minotaur Berserker began the quest for the Orb.
     0 | D:1      | Reached XP level 1. HP: 19/19 MP: 0/0
   247 | D:1      | Reached skill level 4 in Axes
   507 | D:1      | Reached XP level 2. HP: 24/26 MP: 1/1
   979 | D:1      | Reached skill level 5 in Axes
   979 | D:1      | Reached XP level 3. HP: 17/31 MP: 2/2
   994 | D:1      | Reached skill level 6 in Axes
   994 | D:1      | Reached XP level 4. HP: 21/39 MP: 3/3
  1850 | D:2      | Found a shadowy altar of Dithmenos.
  1861 | D:2      | Found a stormy altar of Qazlal.
  2032 | D:2      | Reached ** piety under Trog
  2606 | D:3      | Noticed Natasha
  2618 | D:3      | Killed Natasha
  2618 | D:3      | Reached skill level 7 in Axes
  2618 | D:3      | Reached XP level 5. HP: 24/45 MP: 4/4
  3090 | D:3      | Found a blossoming altar of Fedhas.
  3119 | D:3      | Noticed Ijyb
  3127 | D:3      | Killed Ijyb
  3451 | D:3      | Reached skill level 8 in Axes
  3468 | D:3      | Reached *** piety under Trog
  3712 | D:4      | Reached XP level 6. HP: 51/51 MP: 5/5
  3782 | D:4      | Noticed sheala's ghost (weakling DEEn)
  3790 | D:4      | Killed sheala's ghost
  3975 | D:4      | Got an ivory hand axe
  3984 | D:4      | Identified the +6 hand axe of the Ship {chop, rC+} (You found it on level 4 of the Dungeon)
  3995 | D:4      | Reached skill level 9 in Axes
  4314 | D:4      | Got a warped flail
  4446 | D:4      | Reached XP level 7. HP: 57/57 MP: 6/6
  4452 | D:4      | Reached skill level 10 in Axes
  4672 | D:4      | Received a gift from Trog
  4672 | D:4      | Reached skill level 11 in Axes
  4775 | D:5      | Entered Level 5 of the Dungeon
  4781 | D:5      | Identified the +4 flail of Sipp {flame, rF+++ Int-5 Dex+7} (You found it on level 4 of the Dungeon)
  4847 | D:5      | Found a staircase to the Ecumenical Temple.
  4895 | D:5      | Reached XP level 8. HP: 64/64 MP: 7/7
  5004 | D:5      | Noticed Eustachio
  5019 | D:5      | Killed Eustachio
  5019 | D:5      | Reached skill level 12 in Axes
  5269 | D:5      | Reached **** piety under Trog
  5470 | D:6      | Received a gift from Trog
  5654 | D:6      | Reached skill level 13 in Axes
  6069 | D:6      | Found a faded altar of an unknown god.
  6069 | D:6      | Found an iron altar of Okawaru.
  6075 | D:6      | Found a glowing silver altar of Zin.
  6077 | D:6      | Found a faded altar of an unknown god.
  6078 | D:6      | Found a faded altar of an unknown god.
  6162 | D:7      | Lost intelligence.
  6378 | D:7      | Noticed a hippogriff
  6386 | D:7      | Killed a hippogriff
  6386 | D:7      | Reached skill level 14 in Axes
  6386 | D:7      | Reached XP level 9. HP: 68/70 MP: 8/8
  6558 | D:7      | Got a bloodstained robe
  7039 | D:8      | Reached skill level 15 in Axes
  7211 | D:8      | Received a gift from Trog
  7225 | D:8      | Reached skill level 16 in Axes
  7498 | D:8      | Noticed a three-headed hydra
  7504 | D:8      | Killed an eight-headed hydra
  7504 | D:8      | Reached XP level 10. HP: 77/77 MP: 9/9
  7936 | D:9      | Reached skill level 17 in Axes
  7948 | D:9      | Identified the cursed +0 robe of the Game of Kings {rF+} (You found it on level 7 of the Dungeon)
  7997 | D:9      | Found a staircase to the Lair.
  8343 | D:9      | Reached ***** piety under Trog
  8367 | D:9      | Found a staircase to the Orcish Mines.
  8655 | D:9      | Reached skill level 18 in Axes
  8702 | D:9      | Found a sacrificial altar of Ru.
  8849 | D:9      | Received a gift from Trog
  8996 | Lair:1   | Entered Level 1 of the Lair of Beasts
  9149 | Lair:1   | Noticed Gastronok
  9166 | Lair:1   | Killed Gastronok
  9166 | Lair:1   | Reached XP level 11. HP: 82/82 MP: 10/10
  9323 | Lair:1   | Noticed Leibowitz's ghost (journeyman DgEn)
  9339 | Lair:1   | Killed Leibowitz's ghost
  9339 | Lair:1   | Reached skill level 19 in Axes
  9714 | Lair:1   | Noticed a five-headed hydra
  9722 | Lair:1   | Killed an eight-headed hydra
 10700 | Lair:2   | Found a staircase to the Shoals.
 10710 | Lair:2   | Reached skill level 20 in Axes
 10963 | Lair:2   | Noticed Prince Ribbit
 10973 | Lair:2   | Killed Prince Ribbit
 11087 | Lair:2   | Reached skill level 21 in Axes
 11092 | Lair:2   | Reached XP level 12. HP: 90/90 MP: 11/11
 11673 | Lair:3   | Reached skill level 4 in Fighting
 11759 | Lair:3   | Reached skill level 3 in Armour
 12098 | Lair:4   | Found a staircase to the Snake Pit.
 12127 | Lair:4   | Noticed a six-headed hydra
 12137 | Lair:4   | Killed a 12-headed hydra
 12137 | Lair:4   | Reached skill level 5 in Fighting
 12137 | Lair:4   | Reached skill level 4 in Armour
 12203 | Lair:4   | Found a hide-covered altar of Uskayaw.
 12443 | Lair:4   | Reached skill level 5 in Armour
 12604 | Lair:4   | Found a runed door.
 12648 | Lair:4   | Reached skill level 6 in Fighting
 12672 | Lair:4   | HP: 24/96 [poisoned by a black mamba]
 12678 | Lair:4   | HP: 22/96 [poisoned by a black mamba]
 12683 | Lair:4   | HP: 20/96 [poisoned by a black mamba]
 12689 | Lair:4   | HP: 20/96 [poisoned by a black mamba]
 12697 | Lair:4   | HP: 20/96 [poisoned by a black mamba]
 12977 | Lair:4   | Reached skill level 6 in Armour
 13360 | Lair:4   | Reached skill level 7 in Fighting
 13521 | Lair:4   | Noticed a catoblepas
 13521 | Lair:4   | Noticed a catoblepas
 13825 | Lair:5   | Reached skill level 7 in Armour
 13946 | Lair:5   | Reached skill level 8 in Fighting
 13959 | Lair:5   | Noticed an eight-headed hydra
 13968 | Lair:5   | HP: 34/154 [11-headed hydra (11)]
 13969 | Lair:5   | Killed a 12-headed hydra
 13969 | Lair:5   | Reached skill level 8 in Armour
 13973 | Lair:5   | HP: 25/154 [poisoned by a black mamba]
 13984 | Lair:5   | HP: 23/103 [water moccasin (5)]
 13989 | Lair:5   | HP: 15/103 [poisoned by a water moccasin]
 13994 | Lair:5   | HP: 13/103 [poisoned by a water moccasin]
 14000 | Lair:5   | HP: 13/103 [poisoned by a water moccasin]
 14007 | Lair:5   | HP: 13/103 [poisoned by a water moccasin]
 14454 | Lair:5   | Found a viscous altar of Jiyva.
 14454 | Lair:5   | Found a staircase to the Slime Pits.
 14724 | Lair:5   | Reached skill level 9 in Fighting
 14913 | Lair:5   | Noticed an eight-headed hydra
 14924 | Lair:5   | Killed a 12-headed hydra
 15079 | Lair:6   | Entered Level 6 of the Lair of Beasts
 15102 | Lair:6   | Reached skill level 9 in Armour
 15198 | Lair:6   | Received a gift from Trog
 15239 | Lair:6   | Gained mutation: You are covered in fur. (AC +1) [potion of mutation]
 15239 | Lair:6   | Gained mutation: You tend to lose your temper in combat. [potion of mutation]
 15239 | Lair:6   | Gained mutation: You are weak. (Str -2) [potion of mutation]
 15246 | Lair:6   | Reached XP level 13. HP: 111/111 MP: 12/12
 15367 | Lair:6   | Found a frozen archway.
 15409 | IceCv    | Entered an ice cave
 15417 | IceCv    | Reached skill level 10 in Fighting
 15890 | Lair:6   | Reached skill level 10 in Armour
 16118 | Lair:6   | Gained mutation: You are somewhat resistant to further mutation. [potion of beneficial mutation]
 16192 | Lair:6   | Noticed Rupert
 16224 | Lair:6   | HP: 23/171 [Rupert/great mace of protection (30)]
 16232 | Lair:6   | HP: 52/256 [Rupert/great mace of protection (11)]
 16233 | Lair:6   | Killed Rupert
 16233 | Lair:6   | Reached skill level 11 in Fighting
 16322 | Lair:6   | HP: 43/174 [ten-headed hydra (3)]
 16677 | Lair:6   | Reached skill level 11 in Armour
 16985 | Lair:6   | Found a large runed door.
 16985 | Lair:6   | Found a large runed door.
 17121 | Lair:6   | HP: 38/175 [fire crab (8)]
 17123 | Lair:6   | HP: 18/175 [komodo dragon (15)]
 17128 | Lair:6   | HP: 5/117 [black mamba (10)]
 17128 | Lair:6   | Slain by a black mamba

Skill      XL: |  1  2  3  4  5  6  7  8  9 10 11 12 13 |
---------------+----------------------------------------+-----
Axes           | 4 5 6 7 8 9 11 14 16 18 21 | 21.1
Fighting       | 9 11 | 11.9
Armour         | 9 11 | 11.7
Dodging        | |  2.1

Action                   |  1- 3 |  4- 6 |  7- 9 | 10-12 | 13-15 || total
-------------------------+-------+-------+-------+-------+-------++-------
Melee: Hand axe          |    56 |   182 |   199 |   391 |   137 ||   965
       Headbutt          |    10 |    30 |    39 |    84 |    49 ||   212
       Flail             |       |       |       |       |    47 ||    47
Throw: Javelin           |       |       |    33 |   122 |     7 ||   162
Invok: Berserk           |     1 |     3 |     5 |    13 |     7 ||    29
  Use: Scroll            |       |     7 |     8 |    12 |     4 ||    31
       Potion            |       |       |       |     3 |     6 ||     9
  Eat: Chunk             |       |    14 |    37 |    36 |    12 ||    99
Armor: Ring mail         |    22 |    29 |    62 |   131 |    69 ||   313
       Animal skin       |     2 |       |       |       |       ||     2
       Chain mail        |       |    35 |       |       |       ||    35
       Skin              |       |       |       |       |     7 ||     7
Dodge: Dodged            |    18 |    80 |    75 |   133 |    84 ||   390

Vault maps used:
D:1:      dpeg_arrival_circle_labyrinth_c
D:2:      amethyst_overflow_temple_binary
D:3:      kennysheep_the_goblin_king, old_standard_altar, first_bread,
          uniq_natasha
D:4:      old_forge
D:5:      lemuel_another_geyser, uniq_eustachio
D:6:      chequers_temple_overflow_minitemple
D:7:      corexii_shack_village
D:8:      hangedman_ranch
D:9:      lair_0_dummy, orc_0_dummy, nicolae_ru_path_of_blood
Lair:1:   uniq_gastronok
Lair:2:   elwin_shoals_entry_stream, patterned_corridor,
          infiniplex_staircase_pool, uniq_prince_ribbit2
Lair:4:   gammafunk_lair_enchanted_lake, guppyfry_snake_entry_island,
          basic_altar, grunt_forest_stairs_basic
Lair:5:   dpeg_slime_entry_enclosed_altar, grunt_forest_large_clearings,
          serial_bayou_shore_b
Lair:6:   cheibrodos_lair_end_hotspot, portal_ice_cave_demonic_guard,
          nicolae_volcano_entry_lava_flow, st_stairs_11, uniq_rupert
IceCv:    ice_cave_caverns_02

Table legend:
 A = Turns spent in this place as a percentage of turns spent in the entire game.
 B = Non-inter-level travel turns spent in this place as a percentage of non-inter-level travel turns spent in the entire game.
 C = Inter-level travel turns spent in this place as a percentage of turns spent in this place.
 D = Turns resting spent in this place as a percentage of non-inter-level travel turns spent in this place.
 E = Turns spent auto-exploring this place as a percentage of non-inter-level travel turns spent in this place.
 F = Non-inter-level travel turns spent in this place divided by the number of levels of this place that you've seen.
                   A       B       C       D       E      F
               +-------+-------+-------+-------+-------+----------------------
         Total | 100.0 | 100.0 |   0.4 |   4.2 |  10.0 | 242.9
       Dungeon |  57.5 |  57.4 |   0.4 |   2.1 |  12.1 | 248.1
          Lair |  40.4 |  40.5 |   0.3 |   6.9 |   7.4 | 262.2
      Ice Cave |   2.1 |   2.1 |   0.0 |   8.6 |   0.0 |  81.0
               +-------+-------+-------+-------+-------+----------------------

Table legend:
 A = Kills in this place as a percentage of kills in entire the game.
 B = Kills by you in this place as a percentage of kills by you in the entire game.
 C = Kills by friends in this place as a percentage of kills by friends in the entire game.
 D = Other kills in this place as a percentage of other kills in the entire game.
 E = Experience gained in this place as a percentage of experience gained in the entire game.
 F = Experience gained in this place divided by the number of levels of this place that you have seen.
                   A       B       C       D       E      F
               +-------+-------+-------+-------+-------+----------------------
         Total | 100.0 | 100.0 |  -nan | 100.0 | 100.0 | 3423.3
       Dungeon |  60.9 |  60.9 |  -nan |  50.0 |  17.2 | 1049.7
          Lair |  36.5 |  36.7 |  -nan |   0.0 |  79.6 | 7262.5
      Ice Cave |   2.6 |   2.4 |  -nan |  50.0 |   3.2 | 1751.0
               +-------+-------+-------+-------+-------+----------------------
